 Dungeon Crawl Stone Soup version 0.24-a0-136-gad582e5 (webtiles) character file.

Game seed: 9212823983794157181

269 galech the Skirmisher (level 6, 46/48 HPs)
             Began as a Demonspawn Fighter on Feb 28, 2019.
             Quit the game on level 4 of the Dungeon.
             The game lasted 00:03:22 (1766 turns).

galech the Skirmisher (Demonspawn Fighter)          Turns: 1766, Time: 00:03:23

Health: 46/48      AC: 11    Str: 17    XL:     6   Next: 1%
Magic:  6/6        EV: 10    Int:  9    God:
Gold:   156        SH:  5    Dex: 17    Spells: 5/5 levels left

rFire    + . .     SeeInvis .   i - +2 hand axe (freeze)
rCold    . . .     Gourm    .   t - +0 buckler {AC+3}
rNeg     . . .     Faith    .   b - +0 scale mail
rPois    .         Spirit   .   n - +0 helmet
rElec    .         Reflect  .   (no cloak)
rCorr    .         Harm     .   (no gloves)
MR       .....                  (no boots)
Stlth    ..........             l - amulet of the acrobat
HPRegen  0.16/turn              u - +3 ring of dexterity
MPRegen  0.10/turn              (no ring)

@: no status effects
A: talons 1, demonic guardian 1, fire resistance 1, sanguine armour 1
a: no special abilities


You were on level 4 of the Dungeon.
You were not hungry.

You visited 1 branch of the dungeon, and saw 4 of its levels.

You collected 156 gold pieces.

Inventory:

Hand Weapons
 a - a +0 war axe
 i - a +2 hand axe of freezing (weapon)
Armour
 b - a +0 scale mail (worn)
 c - a +0 shield
 n - a +0 helmet (worn)
 t - a +0 buckler of protection (worn)
Jewellery
 l - an amulet of the acrobat (around neck)
 u - a +3 ring of dexterity (left hand)
 w - a +3 ring of intelligence {unknown}
Scrolls
 e - a scroll of fog {unknown}
 h - 3 scrolls of teleportation {unknown}
 j - a scroll of fear {unknown}
 k - 2 scrolls of magic mapping {unknown}
 o - 4 scrolls of identify {unknown}
Potions
 d - a potion of might
 m - a potion of heal wounds {unknown}
 p - a potion of curing {unknown}
 q - a potion of berserk rage {unknown}
 r - a potion of magic {unknown}
 s - a potion of degeneration {unknown}
 v - a potion of brilliance {unknown}
Comestibles
 f - 3 rations
 g - 5 chunks of flesh


   Skills:
 + Level 4.0 Fighting
 + Level 3.6 Axes
 + Level 3.3 Armour
 + Level 1.1 Dodging
 + Level 3.8 Shields


You had 5 spell levels left.
You didn't know any spells.
Your spell library was empty.

Dungeon Overview and Level Annotations

Branches:
Dungeon (4/15)
 Temple: D:4-7

Altars:
Qazlal
Ru


Innate Abilities, Weirdness & Mutations

You have sharp toenails.
A weak demonic guardian rushes to your aid.
Your flesh is heat resistant. (rF+)
When seriously injured, your bleeding wounds create armour. (AC +0)


Message History

You hit the centaur skeleton. You claw the centaur skeleton!
The centaur skeleton is heavily damaged.
The centaur skeleton hits you but does no damage. x2
You hit the centaur skeleton. You claw the centaur skeleton.
The centaur skeleton is almost destroyed.
The centaur skeleton hits you but does no damage.
The centaur skeleton closely misses you.
You hit the centaur skeleton.
The centaur skeleton is almost destroyed.
The centaur skeleton hits you but does no damage.
You slash the centaur skeleton!
You destroy the centaur skeleton!
Your Fighting skill increases to level 4!
You have reached level 6!
Your experience leads to an increase in your attributes!
Your base attributes are Str 17, Int 9, Dex 13.
Increase (S)trength, (I)ntelligence, or (D)exterity?
You feel agile.
Your demonic ancestry asserts itself...
You feel the presence of a demonic guardian.
Are you sure you want to abandon this character and quit the game? (Confirm with "yes".)

############
......#....#
...........# ###
....#......########..##
....#.................#
....#.................#
....#####+###.........+
............####'###+##+
................@.......
........................
........................
........................
........(...............
...####'###########.....
...#........# .....
...#........# .....
...#........#


There were no monsters in sight!

Vanquished Creatures
  A centaur skeleton (D:4)
  2 orc priests (D:3)
  A worker ant (D:4)
  5 adders
  2 oozes (D:1)
  2 worms (D:2)
  5 dart slugs
  2 leopard geckos
  7 orcs (D:3)
  A ball python (D:3)
  14 bats
  7 giant cockroaches
  9 goblins
  8 hobgoblins
  A quokka (D:2)
  3 frilled lizards
  5 kobolds
  10 rats
85 creatures vanquished.

Notes
Turn   | Place    | Note
-------+----------+-------------------------------------------
     0 | D:1      | galech the Demonspawn Fighter began the quest for the Orb.
     0 | D:1      | Reached XP level 1. HP: 18/18 MP: 1/1
    55 | D:1      | Gained mutation: You have sharp toenails. [demonic
                  | ancestry]
    55 | D:1      | Reached XP level 2. HP: 24/24 MP: 2/2
   208 | D:1      | Reached XP level 3. HP: 22/29 MP: 3/3
   750 | D:2      | Gained mutation: Your flesh is heat resistant. (rF+)
                  | [demonic ancestry]
   750 | D:2      | Reached XP level 4. HP: 33/35 MP: 4/4
   874 | D:2      | Found a sacrificial altar of Ru.
   970 | D:2      | Found a stormy altar of Qazlal.
  1453 | D:3      | Gained mutation: When seriously injured, your bleeding
                  | wounds create armour. (AC +0) [demonic ancestry]
  1453 | D:3      | Reached XP level 5. HP: 40/42 MP: 5/5
  1543 | D:3      | Reached skill level 1 in Dodging
  1765 | D:4      | Reached skill level 4 in Fighting
  1765 | D:4      | Gained mutation: A weak demonic guardian rushes to your
                  | aid. [demonic ancestry]
  1765 | D:4      | Reached XP level 6. HP: 45/48 MP: 6/6
  1766 | D:4      | Quit the game

Levels and vault maps discovered:
D:1:      erik_arrival_gehennom, layout_basic, minmay_heptomino_l4
D:2:      layout_rooms, nicolae_qazlal_general_emergency,
          nicolae_ru_the_path_less_chosen, first_ration
D:3:      layout_basic
D:4:      layout_gridville, minmay_temple_entry_butterflies, uniq_edmund

Skill      XL: |  1  2  3  4  5 |
---------------+----------------+-----
Shields        | 3 |  3.8
Axes           | 2 3 |  3.6
Armour         | 3 |  3.3
Dodging        | 1 |  1.1
Fighting       | 4 |  4.0

Action                   |  1- 3 |  4- 6 || total
-------------------------+-------+-------++-------
Melee: War axe           |    23 |       ||    23
       Hand axe          |    68 |    92 ||   160
       Kick              |    19 |    26 ||    45
  Eat: Chunk             |       |     3 ||     3
Armor: Scale mail        |    50 |    30 ||    80
Dodge: Dodged            |    23 |    43 ||    66
Block: Shield            |    39 |    13 ||    52
       Buckler           |       |    19 ||    19

Table legend:
 A = Non-vault XP
 B = Vault XP
 C = Vault XP percentage of total XP
 D = Non-vault monster count
 E = Vault monster count
 F = Vault count percentage of total count
                 A         B        C        D         E       F
            +---------+---------+-------+---------+---------+-------
      Total |     359 |      26 |   6.8 |      76 |       9 |  10.6
            +---------+---------+-------+---------+---------+-------
        D:1 |      38 |      26 |  40.6 |      21 |       9 |  30.0
        D:2 |     104 |       0 |   0.0 |      29 |       0 |   0.0
        D:3 |     127 |       0 |   0.0 |      23 |       0 |   0.0
        D:4 |      90 |       0 |   0.0 |       3 |       0 |   0.0
            +---------+---------+-------+---------+---------+-------
